 Dungeon Crawl Stone Soup version 0.31-a0-180-g519b7de00c (webtiles) character file.

Game seed: 2600768940505428675

179 qw the Chopper (level 5, 0/32 HPs)
             Began as a Gargoyle Fighter on June 19, 2023.
             Slain by a lemure (4 damage)
             ... led by Pikel
             ... on level 5 of the Dungeon.
             The game lasted 00:01:09 (1737 turns).

qw the Chopper (Gargoyle Fighter)                   Turns: 1737, Time: 00:01:09

Health: 0/32       AC: 13    Str: 29    XL:     5   Next: 59%
Magic:  5/5        EV: 14    Int:  7    God:
Gold:   107        SH:  4    Dex:  7    Spells: 4/4 levels left

rFire   . . .        e - +0 war axe (vamp)
rCold   . . .        c - +0 buckler
rNeg    + . .        b - +0 scale mail
rPois   inf          g - +0 helmet
rElec   +            (no cloak)
rCorr   +            (no gloves)
SInv    .            a - +0 pair of boots
Will    .....        (no amulet) Stlth
                     f - +5 ring of evasion
HPRegen 0.25/turn    l - ring of resist corrosion
MPRegen 0.09/turn

%: no passive effects
@: no status effects
A: sickness immunity, AC +4, negative energy resistance 1, electricity
resistance, torment resistance 1, petrification resistance, strong 2, MP-powered
wands
a: no special abilities


You were on level 5 of the Dungeon.
You visited 1 branch of the dungeon, and saw 4 of its levels.

You collected 107 gold pieces.


Innate Abilities, Weirdness & Mutations

You are immune to sickness and miasma.
Your stone body is resilient. (AC +4)
You are immune to poison.
You resist negative energy. (rN+)
You are resistant to electric shocks. (rElec)
You are resistant to unholy torment.
You are immune to petrification.
Your muscles are very strong. (Str +8, Int/Dex -2)
You expend magic power (3 MP) to strengthen your wands.


   Skills:
 + Level 3.2 Fighting
 - Level 5.1 Axes
 - Level 3.2 Armour
 - Level 3.2 Shields


You had 4 spell levels left.
You didn't know any spells.
Your spell library was empty.

Inventory:

Hand Weapons
 e - a +0 vampiric war axe (weapon)
 j - a +0 flail
Armour
 a - a +0 pair of boots (worn)
 b - a +0 scale mail (worn)
 c - a +0 buckler (worn)
 g - a +0 helmet (worn)
Jewellery
 f - a +5 ring of evasion (left hand)
 l - a ring of resist corrosion (right hand)
Scrolls
 h - a scroll of identify
Potions
 d - 2 potions of might
 i - a potion of mutation
 k - a potion of curing {unknown}

Dungeon Overview and Level Annotations

Branches:
Dungeon (3/15)

Altars:
Wu Jian
Yredelemnul

Annotations:
D:5 Pikel


Message History

The gnoll barely misses you. The lemure hits you but does no damage.
The lemure barely misses you. Pikel hits you but does no damage.
The lemure hits you but does no damage. The gnoll hits you but does no damage.
You barely miss Pikel.
Pikel is heavily wounded.
You hit the lemure but do no damage. You closely miss the lemure. x2
The gnoll misses you. The lemure completely misses you. The lemure hits you.
Pikel barely misses you. The lemure hits you but does no damage.
The gnoll hits you but does no damage.
The lemure splashes around in the water.
You block the gnoll's attack.
You closely miss Pikel.
Pikel is heavily wounded.
You closely miss the lemure. You hit the lemure. You barely miss the lemure.
You block the lemure's attack. Pikel completely misses you.
You block the lemure's attack. You block the gnoll's attack.
The gnoll hits you but does no damage.
The lemure splashes around in the water.
You barely miss the lemure.
The lemure is severely wounded.
You slash the lemure! You hit Pikel but do no damage.
You completely miss the lemure. The lemure completely misses you.
You block Pikel's attack. The lemure hits you.
The gnoll hits you from afar with a +0 spear.
The gnoll closely misses you. The lemure hits you but does no damage.
Pikel completely misses you. The lemure closely misses you.
The lemure misses you.
You closely miss the lemure.
The lemure is severely wounded.
You slash the lemure! You hit Pikel but do no damage. You miss the lemure.
The gnoll hits you but does no damage. You block the gnoll's attack.
The lemure barely misses you. The lemure closely misses you.
Pikel barely misses you. The lemure hits you but does no damage.
You slash the lemure!
You kill the lemure!
That felt strangely unrewarding.
You closely miss the lemure. You closely miss Pikel.
You closely miss the lemure.
The gnoll hits you but does no damage. x2; The lemure misses you.
Pikel closely misses you. The lemure hits you.
You die...

.. ##.. . #.. ..
#.# ... ##.# ....
#~.# .....
##~.##g..#..
#~~~@K5....#
#####~~#55g.....
##..#~~##......(#
##..##~~#......#..
#..###~##....#....
#~####~#####.#....
#~# #~~# .. ...
##~# #~~# #.. ..
#~~# #~~####


You could see Pikel, 3 lemures and 2 gnolls.

Vanquished Creatures
  A lemure (D:5)
  A gnoll bouda (D:5)
  A scorpion zombie (D:3)
  Robin (D:2)
  2 gnolls
  2 adders
  3 orcs (D:2)
  6 ball pythons
  5 endoplasms
  8 giant cockroaches
  16 goblins
  5 hobgoblins (D:2)
  2 jackals (D:1)
  5 quokkas
  A ball python zombie (D:3)
  A bat (D:2)
  A frilled lizard (D:1)
  A jackal zombie (D:3)
  6 kobolds
  4 rats
72 creatures vanquished.

Notes
Turn   | Place    | Note
-------+----------+-------------------------------------------
     0 | D:1      | qw the Gargoyle Fighter began the quest for the Orb.
     0 | D:1      | Reached XP level 1. HP: 14/14 MP: 1/1
     0 | D:1      | 0 ||| qw: Version: 0.3-a-7-ge0c9b40
     0 | D:1      | 0 ||| qw: Game counter: 929
     0 | D:1      | 0 ||| qw: Always use a shield: true
     0 | D:1      | 0 ||| qw: God list: Okawaru
     0 | D:1      | 0 ||| qw: Allow faded altars: false
     0 | D:1      | 0 ||| qw: Do Orc after D:15 true
     0 | D:1      | 0 ||| qw: Do second Lair branch before Depths: true
     0 | D:1      | 0 ||| qw: Lair rune preference: random
     0 | D:1      | 0 ||| qw: Plans: Normal, Zot:1-4, Slime:5, God:TSO, Crypt,
                  | Tomb, Abyss, Pan, Hells, Win
     0 | D:1      | 0 ||| PLANNING D:1-11
    26 | D:1      | Reached skill level 2 in Axes
   188 | D:1      | Reached XP level 2. HP: 19/19 MP: 2/2
   243 | D:1      | 243 ||| Stepping ~*~*~tactically~*~*~ (stealth).
   316 | D:1      | 316 ||| DROPPING +6 ring of intelligence.
   317 | D:1      | 317 ||| READING scroll labelled ZANLEQ VUILECW.
   451 | D:1      | 451 ||| Stepping ~*~*~tactically~*~*~ (hiding).
   456 | D:1      | Reached skill level 3 in Axes
   456 | D:1      | Reached XP level 3. HP: 23/23 MP: 3/3
   559 | D:1      | 559 ||| Stepping ~*~*~tactically~*~*~ (hiding).
   580 | D:1      | 580 ||| Stepping ~*~*~tactically~*~*~ (stealth).
   587 | D:1      | 587 ||| DROPPING +0 club.
   898 | D:1      | 898 ||| READING scroll labelled SOILUE FEKYSA.
   899 | D:1      | 899 ||| READING scroll labelled JULETA CEEDOA.
   900 | D:1      | 900 ||| READING scroll labelled DETUSUU QAQA.
  1001 | D:1      | 1001 ||| READING scroll labelled BYASOI BINOSE.
  1002 | D:1      | 1002 ||| READING scroll labelled AKEYRPHAPPU.
  1003 | D:1      | 1003 ||| DRINKING 3 viscous grey potions.
  1003 | D:1      | Gained mutation: You have a pair of small horns on your
                  | head. [potion of mutation]
  1003 | D:1      | Gained mutation: You sometimes lose your temper in combat.
                  | [potion of mutation]
  1003 | D:1      | Gained mutation: You are agile. (Dex +4, Str/Int -1)
                  | [potion of mutation]
  1004 | D:1      | 1004 ||| DRINKING 2 potions of mutation.
  1004 | D:1      | Lost mutation: You sometimes lose your temper in combat.
                  | [potion of mutation]
  1004 | D:1      | Lost mutation: You are agile. (Dex +4, Str/Int -1) [potion
                  | of mutation]
  1004 | D:1      | Lost mutation: You have a pair of small horns on your head.
                  | [potion of mutation]
  1004 | D:1      | Gained mutation: Your muscles are strong. (Str +4, Int/Dex
                  | -1) [potion of mutation]
  1004 | D:1      | Gained mutation: Your muscles are very strong. (Str +8,
                  | Int/Dex -2) [potion of mutation]
  1004 | D:1      | Gained mutation: You expend magic power (3 MP) to
                  | strengthen your wands. [potion of mutation]
  1045 | D:2      | Found an ornate altar of the Wu Jian Council.
  1048 | D:2      | 1048 ||| READING scroll of brand weapon.
  1048 | D:2      | 1048 ||| BRANDING +0 heavy war axe.
  1136 | D:2      | Reached XP level 4. HP: 26/28 MP: 4/4
  1172 | D:2      | Noticed Robin
  1179 | D:2      | Reached skill level 4 in Axes
  1195 | D:2      | Killed Robin
  1451 | D:2      | 1451 ||| DROPPING +0 whip.
  1502 | D:2      | 1502 ||| UPGRADING to +0 pair of boots.
  1507 | D:2      | 1507 ||| UPGRADING to +0 helmet.
  1512 | D:2      | 1512 ||| UPGRADING to +5 ring of evasion.
  1513 | D:2      | 1513 ||| UPGRADING to ring of resist corrosion.
  1514 | D:2      | 1514 ||| READING scroll labelled NYONGO KOLOE.
  1542 | D:3      | Found a basalt altar of Yredelemnul.
  1553 | D:3      | Reached XP level 5. HP: 32/32 MP: 5/5
  1639 | D:3      | You fall into a shaft and drop 2 floors!
  1639 | D:5      | Entered Level 5 of the Dungeon
  1640 | D:5      | 1640 ||| PLANNING OSSUARY
  1718 | D:5      | Noticed a lemure
  1718 | D:5      | Noticed Pikel
  1721 | D:5      | Noticed a lemure
  1721 | D:5      | Noticed a lemure
  1722 | D:5      | Noticed a lemure
  1732 | D:5      | Reached skill level 5 in Axes
  1732 | D:5      | HP: 8/32 [gnoll/+0 spear[a gnoll bouda] (4)]
  1737 | D:5      | Killed a lemure
  1737 | D:5      | Slain by a lemure

Levels and vault maps discovered:
D:1:      moated_graveyard_arrival, layout_basic, minmay_misc_feat_encased,
          minmay_tall_x
D:2:      layout_rooms, basic_altar, guppyfry_early_orc_mine, uniq_robin
D:3:      minmay_roachtagon, layout_loops_ring, nicolae_ashenzari_skybound,
          nicolae_yredelemnul_corpse_copse
D:5:      layout_cave_pools, nicolae_gozag_cash_rules_everything_around_me,
          enter_ossuary_3, serial_glass, glass_columns_a, glass_columns_a,
          glass_columns_a, glass_columns_a, glass_columns_b,
          chequers_serial_rivers_large_b, minmay_misc_feat_alley, uniq_menkaure,
          uniq_duvessa, uniq_eustachio, uniq_pikel

Skill      XL: |  1  2  3  4  5 |
---------------+----------------+-----
Axes           | 2 3 4 5 |  5.1
Fighting       | |  3.2
Armour         | |  3.2
Shields        | |  3.2

Action                     |  1- 3 |  4- 6 || total
---------------------------+-------+-------++-------
  Melee: War axe           |   116 |    85 ||   201
    Use: Scroll            |     7 |     1 ||     8
         Potion            |     2 |       ||     2
 Armour: Scale mail        |    65 |    84 ||   149
  Dodge: Dodged            |    56 |   101 ||   157
  Block: Buckler           |    18 |    24 ||    42

Table legend:
 A = Non-vault XP
 B = Vault XP
 C = Vault XP percentage of total XP
 D = Non-vault monster count
 E = Vault monster count
 F = Vault count percentage of total count
                 A         B        C        D         E       F
            +---------+---------+-------+---------+---------+-------
      Total |     150 |     107 |  41.6 |      46 |      25 |  35.2
            +---------+---------+-------+---------+---------+-------
        D:1 |      40 |      18 |  31.0 |      25 |       4 |  13.8
        D:2 |      41 |      51 |  55.4 |      17 |      18 |  51.4
        D:3 |       1 |      38 |  97.4 |       1 |       3 |  75.0
        D:5 |      68 |       0 |   0.0 |       3 |       0 |   0.0
            +---------+---------+-------+---------+---------+-------
